 Dungeon Crawl Stone Soup version 0.30.1-11-g7821555f0a (webtiles) character file.

Game seed: 2201140807522253859

33256 tkbsonic5 the Fighter (level 13, -3/163 HPs)
             Began as a Barachi Fighter on Oct 26, 2023.
             Was a Priest of the Shining One.
             Succumbed to a cane toad's poison
             ... on level 5 of the Lair of Beasts on Nov 11, 2023.
             The game lasted 00:52:07 (14670 turns).

tkbsonic5 the Fighter (Barachi Fighter)            Turns: 14670, Time: 00:52:08

Health: -3/163     AC: 26    Str: 23    XL:     13   Next: 69%
Magic:  10/22      EV:  2    Int:  9    God:    the Shining One [***...]
Gold:   256        SH: 15    Dex: 17    Spells: 24/24 levels left

rFire   . . .        o - +5 morningstar (freeze) {(1,16++#, S) frigid baton (Orchestration)}
rCold   . . .        c - +0 buckler
rNeg    + . .        t - melded +0 plate armour
rPois   +            s - melded +0 helmet
rElec   .            x - melded scarf {repulsion}
rCorr   .            (gloves currently unavailable)
SInv    +            L - melded +0 pair of boots
Will    .....        q - amulet of regeneration
Stlth   +            v - +6 ring of dexterity
HPRegen 1.27/turn    P - ring of see invisible
MPRegen 0.18/turn

%: no passive effects
@: mighty, lethally poisoned (-3 -> -15), divinely shielded, tree-form
(expiring), on berserk cooldown, glowing
A: stationary, stasis, torment immunity, boosted hp, (amphibious), (slowness 1),
(strong legs 2), +LOS
a: Renounce Religion, Divine Shield, Cleansing Flame


You were on level 5 of the Lair of Beasts.
You worshipped the Shining One.
The Shining One was most pleased with you.
You were a tree.
You visited 3 branches of the dungeon, and saw 17 of its levels.

You collected 597 gold pieces.
You spent 341 gold pieces at shops.

Inventory:

Hand Weapons
 a - a +0 war axe
 e - a +0 morningstar of freezing
 g - a +5 hand axe
 o - a +5 morningstar of freezing (weapon) {(1,16++#, S) frigid baton (Orchestration)}
 J - a +1 hand axe of electrocution
Missiles
 d - 15 boomerangs (quivered)
 f - 36 poisoned darts
 n - 6 javelins
 u - 6 atropa-tipped darts
Armour
 b - a +0 scale mail
 c - a +0 buckler (worn)
 k - the +2 ring mail of Resourcefulness {+Inv}
   (You found it on level 10 of the Dungeon)

   +Inv:      It lets you turn invisible.
 s - a +0 helmet (melded)
 t - a +0 plate armour (melded)
 x - a scarf of repulsion (melded)
 K - a +1 cloak
 L - a +0 pair of boots (melded)
 S - a +0 troll leather armour
Jewellery
 q - an amulet of regeneration (around neck)
 v - a +6 ring of dexterity (left branch)
 y - an amulet of reflection
 A - a ring of wizardry
 E - a ring of magical power
 F - a ring of wizardry
 P - a ring of see invisible (right branch)
Wands
 p - a wand of charming (1)
 w - a wand of acid (13)
 G - a wand of polymorph (7)
 M - a wand of flame (7)
Scrolls
 i - a scroll of magic mapping
 j - a scroll of amnesia
 D - 5 scrolls of teleportation
 H - 2 scrolls of poison
 O - a scroll of brand weapon
 V - a scroll of blinking
Potions
 h - 5 potions of flight
 m - a potion of berserk rage
 r - 4 potions of attraction
 B - 2 potions of mutation
 I - a potion of ambrosia {unknown}
 N - 2 potions of brilliance {unknown}
 Q - a potion of magic {unknown}
 R - 3 potions of haste {unknown}
 T - a potion of might


   Skills:
 + Level 12.7 Fighting
 - Level 2.6(8.3) Axes
 * Level 12.2(12.4) Maces & Flails
 + Level 6.6 Throwing
 + Level 10.4 Armour
 + Level 5.5 Dodging
 - Level 7.5 Shields
 - Level 6.2 Spellcasting
 * Level 6.6 Invocations
 + Level 6.8 Evocations


You had 24 spell levels left.
You didn't know any spells.
Your spell library contained the following spells:

 Spells                   Type           Power      Damage    Failure   Level
 Magic Dart               Conj           8%         1d3       26%         1
 Shock                    Conj/Air       8%         1d3       26%         1
 Slow                     Hex            8%         N/A       26%         1
 Summon Small Mammal      Summ           8%         N/A       26%         1
 Blink                    Tloc           4%         N/A       36%         2
 Lesser Beckoning         Tloc           4%         N/A       36%         2
 Momentum Strike          Conj/Tloc      4%         3d8       36%         2
 Searing Ray              Conj           4%         2d4       36%         2
 Static Discharge         Conj/Air       4%         2-3/arc   36%         2
 Call Canine Familiar     Summ           2%         N/A       58%         3
 Confusing Touch          Hex            2%         N/A       58%         3
 Dazzling Flash           Conj/Hex       4%         N/A       58%         3
 Stone Arrow              Conj/Erth      4%         3d7       58%         3
 Summon Guardian Golem    Hex/Summ       2%         N/A       58%         3
 Swiftness                Air            2%         N/A       58%         3
 Vampiric Draining        Necr           2%         2d6       58%         3
 Airstrike                Air            1%         2d(1-17)  94%         4
 Animate Armour           Summ/Erth      4%         N/A       94%         4
 Fulminant Prism          Conj/Hex       1%         3d5       94%         4
 Olgreb's Toxic Radiance  Pois           2%         N/A       94%         4
 Summon Lightning Spire   Summ/Air       2%         N/A       94%         4
 Agony                    Necr           2%         N/A       100%        5
 Silence                  Hex/Air        1%         N/A       100%        5
 Discord                  Hex            1%         N/A       100%        8
 Ignition                 Fire           1%         3d3       100%        8
 Lehudib's Crystal Spear  Conj/Erth      1%         10d2      100%        8


Dungeon Overview and Level Annotations

Branches:
Dungeon (11/15)            Temple (1/1) D:5            Lair (5/5) D:10
 Shoals (0/4) Lair:3        Slime (0/5) Lair:4          Orc (0/2) D:10
  Snake: Lair:2-3    Spider: Lair:2-3

Altars:
Ashenzari
Cheibriados
Dithmenos
Elyvilon
Fedhas
Gozag
Hepliaklqana
Kikubaaqudgha
Makhleb
Nemelex Xobeh
Okawaru
Qazlal
Ru
Sif Muna
Trog
Uskayaw
Vehumet
Wu Jian
Xom
Yredelemnul
Zin
The Shining One
Jiyva

Shops:
D:9 *=[*(

Annotations:
D:4 2 runed translucent doors, Drain's ghost, amateur HOFi


Innate Abilities, Weirdness & Mutations

You are a tree.
Your roots penetrate the ground, keeping you stationary.
You cannot be teleported.
You are immune to unholy pain and torment.
Your maximum health is greatly increased.
Your equipment is partially melded.
((You are amphibious.))
((You cover ground slowly.))
((You can hop long distances.))
You have an extended range of vision and can be seen from far away.


Message History

Unknown command.
Activating: Cleansing Flame (30% risk of failure)
Press: ? - help, Dir - look around, f - activate The golden flame engulfs you but does no damage.
You resist.
The golden flame engulfs the yak!
You kill the yak!
The golden flame engulfs the black mamba!!
You kill the black mamba!
The golden flame engulfs the cane toad!
The cane toad is almost dead.
The golden flame engulfs the polar bear.
You kill the polar bear!
The golden flame engulfs the yak!
The yak is moderately wounded.
Your transformation is almost over.
The cane toad stings you but does no damage. x2
Unknown command.
Unknown command.
You feel better.
You feel yourself speed up.
The cane toad stings you but does no damage.
The yak gores you!
* * * LOW HITPOINT WARNING * * *
You block the cane toad's attack. The yak gores you.
The Shining One protects you from harm!
You feel better.
The cane toad stings you but does no damage.
The yak gores you but does no damage.
Unknown command.
Your shield is strengthened by the Shining One's divine power.
The cane toad stings you!
* * * LOW HITPOINT WARNING * * *
You are lethally poisoned!
The cane toad poisons you! The yak gores you but does no damage.
Unknown command.
Okay, then.
Activating: Cleansing Flame (30% risk of failure)
Press: ? - help, Dir - look around, f - activate You fail to use your ability.
You die...

##.##.##P................
##........................
#.........................
##........................
#...######+...........
#†..#≈≈≈≈≈#....
#...#..†.≈# . #...#..†F†#
#...#..Y♣≈# #...†######
#.....†.....#
........(..Y..#
........YY.......
....♣............. ..♣
♣♣............. .
♣.............#
Y........##....


You could see a yak and a cane toad.

Vanquished Creatures
  3 hydras
  2 two-headed ogres
  2 skysharks (Lair:4)
  A merfolk siren (Lair:3)
  20 elephants
  A torpor snail (Lair:5)
  9 cane toads
  2 black mambas
  A rime drake (Lair:1)
  5 komodo dragons
  3 trolls
  3 blink frogs (Lair:3)
  A merfolk (Lair:3)
  4 polar bears
  A hornet (D:8)
  9 dream sheep
  A shadow (D:10)
  2 vampires
  A spriggan (Lair:4)
  A wyvern (D:10)
  27 yaks
  Eustachio (D:5)
  Grum (D:9)
  A basilisk (Lair:4)
  2 vampire mosquitoes (D:10)
  3 wargs (D:10)
  2 acid dragons
  8 water moccasins
  2 ice beasts (D:6)
  4 orc warriors
  3 sky beasts
  6 centaurs
  5 black bears
  14 wolves
  3 kobold brigands
  12 bullfrogs
  3 scorpions
  11 wights
  11 killer bees
  3 howler monkeys (D:7)
  An electric eel (Lair:3)
  5 hounds
  A jelly (D:7)
  A gnoll bouda (D:9)
  7 orc priests
  7 iguanas
  8 orc wizards
  Robin (D:2)
  7 gnolls
  9 adders
  3 shadow imps
  A white imp (D:6)
  An ufetubus (D:5)
  2 worms (D:2)
  3 dart slugs
  38 orcs
  7 ball pythons
  5 bats
  7 endoplasms
  4 giant cockroaches
  18 goblins
  9 hobgoblins
  6 jackals
  20 kobolds
  5 quokkas
  5 frilled lizards
  3 rats
378 creatures vanquished.

Vanquished Creatures (others)
  A yak (Lair:5)
1 creature vanquished.

Grand Total: 379 creatures vanquished

Notes
Turn   | Place    | Note
-------+----------+-------------------------------------------
     0 | D:1      | tkbsonic5 the Barachi Fighter began the quest for the Orb.
     0 | D:1      | Reached XP level 1. HP: 18/18 MP: 1/1
    95 | D:1      | Reached XP level 2. HP: 25/25 MP: 2/2
  1060 | D:2      | Reached XP level 3. HP: 26/30 MP: 3/3
  1100 | D:2      | Reached skill level 1 in Maces & Flails
  1341 | D:2      | Reached XP level 4. HP: 28/38 MP: 4/4
  1481 | D:2      | Noticed Robin
  1511 | D:2      | Killed Robin
  1669 | D:2      | Identified the +1 whip of Qeff {drain, rPois Stlth+}
  2230 | D:3      | Found a shimmering blue altar of Sif Muna.
  2312 | D:3      | Reached XP level 5. HP: 43/43 MP: 5/5
  2856 | D:4      | Reached skill level 5 in Fighting
  2921 | D:4      | Noticed a black bear
  2934 | D:4      | Killed a black bear
  2935 | D:4      | Reached XP level 6. HP: 51/51 MP: 6/6
  3146 | D:4      | Noticed a black bear
  3167 | D:4      | Killed a black bear
  3168 | D:4      | Reached skill level 5 in Armour
  3292 | D:4      | Found a large runed translucent door.
  3292 | D:4      | Found a large runed translucent door.
  3300 | D:4      | Noticed Drain's ghost (amateur HOFi)
  3338 | D:4      | Reached XP level 7. HP: 56/58 MP: 7/7
  3476 | D:4      | Found a burning altar of Makhleb.
  4032 | D:5      | Entered Level 5 of the Dungeon
  4102 | D:5      | Found a white marble altar of Elyvilon.
  4227 | D:5      | Noticed Eustachio
  4246 | D:5      | Killed Eustachio
  4443 | D:5      | Reached skill level 5 in Maces & Flails
  4443 | D:5      | Reached skill level 5 in Shields
  4443 | D:5      | Reached XP level 8. HP: 28/67 MP: 8/8
  5451 | D:5      | Found a staircase to the Ecumenical Temple.
  5457 | Temple   | Entered the Ecumenical Temple
  5576 | Temple   | Upgraded the game from 0.30.1-10-g1249ef9ec4 to
                  | 0.30.1-11-g7821555f0a
  5723 | Temple   | Became a worshipper of the Shining One
  6262 | D:6      | Reached skill level 1 in Spellcasting
  6262 | D:6      | Reached XP level 9. HP: 75/75 MP: 10/10
  6405 | D:6      | Reached skill level 1 in Throwing
  7076 | D:7      | Found a sparkling altar of Nemelex Xobeh.
  7078 | D:7      | Found a stormy altar of Qazlal.
  7079 | D:7      | Found a shadowy altar of Dithmenos.
  7211 | D:7      | Reached * piety under the Shining One
  7211 | D:7      | Noticed a two-headed ogre
  7224 | D:7      | Killed a two-headed ogre
  7265 | D:7      | Reached XP level 10. HP: 57/83 MP: 15/15
  7825 | D:8      | Reached skill level 10 in Fighting
  7907 | D:8      | Reached skill level 1 in Evocations
  8027 | D:8      | Found a flagged portal.
  8115 | D:8      | Identified the +9 falchion of Keogimoq {elec, Will++ Int-4
                  | Dex+4}
  8293 | D:9      | Found an opulent altar of Gozag.
  8684 | D:9      | Reached skill level 5 in Spellcasting
  8770 | D:9      | Found a snail-covered altar of Cheibriados.
  8777 | D:9      | Found Jitin's Jewellery Boutique.
  8780 | D:9      | Found Satu's Assorted Antiques.
  8802 | D:9      | Found Ocreugou's Antique Armour Emporium.
  8810 | D:9      | Bought a potion of cancellation for 176 gold pieces
  8810 | D:9      | Bought a scroll of enchant weapon for 165 gold pieces
  8832 | D:9      | Found Xeburiuk's General Store.
  8931 | D:9      | Reached ** piety under the Shining One
  8999 | D:9      | Found Kiam's Antique Weapon Boutique.
  9100 | D:9      | Noticed Grum
  9111 | D:9      | Killed Grum
  9139 | D:9      | Found a bloodstained altar of Trog.
  9211 | D:9      | Found a hazy altar of Hepliaklqana.
  9407 | D:10     | Entered Level 10 of the Dungeon
  9513 | D:10     | Reached XP level 11. HP: 66/92 MP: 19/19
  9591 | D:10     | Identified the +2 ring mail of Resourcefulness {+Inv}
  9692 | D:10     | Found an iron altar of Okawaru.
  9778 | D:10     | Found a staircase to the Orcish Mines.
  9824 | D:10     | Found a staircase to the Lair.
 10395 | D:11     | Noticed a two-headed ogre
 10403 | D:11     | Killed a two-headed ogre
 11103 | Lair:1   | Entered Level 1 of the Lair of Beasts
 11303 | Lair:1   | Reached skill level 1 in Invocations
 11315 | Lair:1   | Reached skill level 1 in Dodging
 12087 | Lair:2   | Found a hazy altar of Hepliaklqana.
 12131 | Lair:2   | You fall into a shaft and drop 2 floors!
 12185 | Lair:4   | Noticed a skyshark
 12193 | Lair:4   | Killed a skyshark
 12194 | Lair:4   | Reached skill level 10 in Maces & Flails
 12265 | Lair:4   | Reached XP level 12. HP: 62/100 MP: 21/21
 12692 | Lair:3   | Reached skill level 5 in Throwing
 12692 | Lair:3   | Reached skill level 5 in Evocations
 13043 | Lair:3   | Found a staircase to the Shoals.
 13083 | Lair:3   | Noticed a six-headed hydra
 13091 | Lair:3   | Killed a six-headed hydra
 13327 | Lair:3   | Reached skill level 5 in Invocations
 13494 | Lair:4   | Noticed a four-headed hydra
 13503 | Lair:4   | Killed a four-headed hydra
 13637 | Lair:4   | Found a staircase to the Slime Pits.
 13643 | Lair:4   | Found a viscous altar of Jiyva.
 13683 | Lair:4   | Reached *** piety under the Shining One
 13694 | Lair:4   | Gained mutation: You can hop long distances. [Barachi
                  | growth]
 13694 | Lair:4   | Reached XP level 13. HP: 98/108 MP: 18/22
 13782 | Lair:4   | Reached skill level 10 in Armour
 14040 | Lair:4   | Reached skill level 5 in Dodging
 14294 | Lair:5   | Entered Level 5 of the Lair of Beasts
 14660 | Lair:5   | HP: 7/163 [elephant (11)]
 14665 | Lair:5   | HP: 8/163 [polar bear (3)]
 14667 | Lair:5   | HP: 2/163 [yak (12)]
 14667 | Lair:5   | The Shining One protects you from harm!
 14670 | Lair:5   | Succumbed to a cane toad's poison

Illustrated notes

Levels and vault maps discovered:
D:1:      lemuel_arrival_room, layout_loops_cross
D:2:      minmay_general_purpose_star, layout_loops_corners,
          palyth_stone_intersect, uniq_robin
D:3:      layout_rooms, nicolae_sif_muna_condensation
D:4:      minmay_wonky_spiral, layout_layer_cave, makhleb_heckhound_becter,
          ebering_ghost_disaster_area
D:5:      minmay_razor_zed, layout_basic, lemuel_doored_altar,
          minmay_temple_entry_fiery, uniq_eustachio
D:6:      layout_basic
D:7:      layout_basic, grunt_temple_overflow_open
D:8:      layout_rooms, enter_bailey_6
D:9:      layout_loops_cross, mainiacjoe_overflow_boulevard,
          worldfamousw_hep_ancestral_shrine, mainiacjoe_overflow_brackets,
          mainiacjoe_overflow_tiny_flanked, serial_shops, nicolae_stop_n_shop_2,
          shop, nicolae_shop_pleasant_corner_grove, kennysheep_little_box, shop,
          uniq_grum
D:10:     layout_stronghold, mainiacjoe_overflow_paths,
          erik_lair_orcish_takeover, orc_0_dummy
D:11:     layout_small_grid
Temple:   minmay_temple_curvy_loop
Lair:1:   layout_cave_pods
Lair:2:   layout_gridlike, minmay_snake_entry_guardpost_medium, basic_altar
Lair:3:   layout_small_grid, elwin_shoals_entry_rooms, infiniplex_staircase_pool
Lair:4:   layout_gridlike, dpeg_slime_entry_corner, forest_entry_grove,
          grunt_megastairs_3
Lair:5:   due_jungle_book, layout_gridlike, chequers_serial_rivers_room_a,
          nicolae_lair_grove_arrangements, serial_bayou_ford_a,
          chequers_serial_rivers_micro_c, lemuel_old_faithful

Skill      XL: |  1  2  3  4  5  6  7  8  9 10 11 12 13 |
---------------+----------------------------------------+-----
Fighting       | 4 5 6 7 8 9 10 11 12 | 12.7
Armour         | 4 5 6 7 8 9 10 | 10.4
Maces & Flails | 1 2 3 5 6 7 8 10 11 12 | 12.2
Shields        | 4 5 6 7 |  7.5
Spellcasting   | 1 3 5 6 |  6.2
Throwing       | 2 3 4 5 6 |  6.6
Evocations     | 3 4 6 |  6.8
Invocations    | 2 5 6 |  6.6
Dodging        | 2 4 5 |  5.5
Axes           | |  2.6

Action                     |  1- 3 |  4- 6 |  7- 9 | 10-12 | 13-15 || total
---------------------------+-------+-------+-------+-------+-------++-------
  Melee: War axe           |    81 |       |       |       |       ||    81
         Morningstar       |       |    69 |   148 |   476 |   158 ||   851
         Whip              |       |   159 |   168 |       |       ||   327
  Throw: Dart              |    17 |    20 |    32 |    40 |       ||   109
         Boomerang         |       |       |    11 |    17 |     3 ||    31
         Javelin           |       |       |       |    63 |     9 ||    72
 Invoke: Divine Shield     |       |       |     1 |    11 |     2 ||    14
         Cleansing Flame   |       |       |       |       |     2 ||     2
Ability: Hop               |       |       |     2 |     5 |       ||     7
  Evoke: Wand              |       |       |       |    37 |     2 ||    39
    Use: Potion            |       |       |     5 |     5 |     7 ||    17
         Scroll            |       |       |     6 |    19 |     2 ||    27
 Armour: Scale mail        |    39 |    73 |       |       |       ||   112
         Plate armour      |       |   100 |   213 |   262 |    84 ||   659
         Skin              |       |       |       |       |    50 ||    50
  Dodge: Dodged            |    35 |    98 |   103 |   170 |    59 ||   465
         Repelled          |       |     1 |     1 |     2 |       ||     4
  Block: Buckler           |    20 |    60 |    96 |   205 |   110 ||   491
